 Dungeon Crawl Stone Soup version 0.17.0-9-g801d43b (console) character file.

47 gw the Chucker (level 3, 0/37 HPs)
             Began as an Ogre Hunter on Nov 10, 2015.
             Slain by a gnoll
             ... wielding a +0 spear
              (6 damage)
             ... on level 2 of the Dungeon.
             The game lasted 00:01:02 (935 turns).

gw the Chucker (Ogre Hunter)                         Turns: 935, Time: 00:01:02

Health: 0/37       AC:  4    Str: 17    XL:     3   Next: 70%
Magic:  3/3        EV: 10    Int: 10    God:
Gold:   57         SH:  0    Dex: 11    Spells: 0 memorised, 2 levels left

rFire  . . .     SeeInvis .     b - +0 mace
rCold  . . .     Clarity  .     d - +0 robe
rNeg   . . .     SustAt   .     (no shield)
rPois  .         Gourm    .     (helmet restricted)
rElec  .         Spirit   .     c - +0 cloak
rCorr  .         Warding  .     (gloves unavailable)
rMut   .         Stasis   .     (boots unavailable)
MR     .....                    (no amulet)
Stlth  +.........               (no ring)
                                (no ring)

@: not resistant to hostile enchantments, very unstealthy
A: unfitting armour, tough skin 1
a: no special abilities


You were on level 2 of the Dungeon.
You were not hungry.

You visited 1 branch of the dungeon, and saw 2 of its levels.

You collected 57 gold pieces.

Inventory:

Hand Weapons
 b - a +0 mace (weapon)
Missiles
 a - 3 large rocks (quivered)
 f - 2 throwing nets
 g - 16 stones
Armour
 c - a +0 cloak (worn)
 d - a +0 robe (worn)
Comestibles
 e - a bread ration


   Skills:
 + Level 3.5 Fighting
 + Level 1.0 Maces & Flails
 * Level 4.6 Throwing
 + Level 2.2 Dodging
 - Level 0.7 Stealth


You had 2 spell levels left.
You didn't know any spells.

Dungeon Overview and Level Annotations

Branches:
Dungeon (2/15)

Altars:


Innate Abilities, Weirdness & Mutations

You are too large for most types of armour.
You have tough skin (AC +1).


Message History

MOVING TO (1,-3)
The gnoll closely misses you. The kobold hits you but does no damage.
Unknown command.
Unknown command.
Unknown command.
MOVING TO (1,-2)
The gnoll barely misses you.
Unknown command.
Unknown command.
Unknown command.
MOVING TO (1,-1) Unknown command.
Unknown command.
Unknown command.
ATTACK MOVE TO (0,1)
You hit the kobold.
You kill the kobold!
The gnoll hits you from afar with a spear!
The gnoll hits you from afar with a spear.
You die...

.##### ......
.......
.....!####
..$.....O#
.........#
.####.gg!#
##.####S.g.###
.............##
.....#....#..#
.....#.......#
.... #..#.#..#
.. #......##
#.#


You could see 3 gnolls and a ball python.

Table legend:
 A = Turns spent in this place as a percentage of turns spent in the entire game.
 B = Non-inter-level travel turns spent in this place as a percentage of non-inter-level travel turns spent in the entire game.
 C = Inter-level travel turns spent in this place as a percentage of turns spent in this place.
 D = Turns resting spent in this place as a percentage of non-inter-level travel turns spent in this place.
 E = Turns spent auto-exploring this place as a percentage of non-inter-level travel turns spent in this place.
 F = Non-inter-level travel turns spent in this place divided by the number of levels of this place that you've seen.
                   A       B       C       D       E      F
               +-------+-------+-------+-------+-------+----------------------
         Total | 100.0 | 100.0 |   0.1 |   0.7 |   3.6 | 766.5
       Dungeon | 100.0 | 100.0 |   0.1 |   0.7 |   3.6 | 766.5
               +-------+-------+-------+-------+-------+----------------------

Table legend:
 A = Kills in this place as a percentage of kills in entire the game.
 B = Kills by you in this place as a percentage of kills by you in the entire game.
 C = Kills by friends in this place as a percentage of kills by friends in the entire game.
 D = Other kills in this place as a percentage of other kills in the entire game.
 E = Experience gained in this place as a percentage of experience gained in the entire game.
 F = Experience gained in this place divided by the number of levels of this place that you have seen.
                   A       B       C       D       E      F
               +-------+-------+-------+-------+-------+----------------------
         Total | 100.0 | 100.0 |  -nan |  -nan | 100.0 |  34.0
       Dungeon | 100.0 | 100.0 |  -nan |  -nan | 100.0 |  34.0
               +-------+-------+-------+-------+-------+----------------------

Vanquished Creatures
  2 adders (D:2)
  An ooze (D:1)
  A giant gecko (D:1)
  A giant cockroach (D:2)
  5 hobgoblins
  4 bats (D:1)
  2 giant newts (D:1)
  4 goblins (D:1)
  3 kobolds
  2 rats (D:1)
25 creatures vanquished.

Notes
Turn   | Place    | Note
--------------------------------------------------------------
     0 | D:1      | gw the Ogre Hunter began the quest for the Orb.
     0 | D:1      | Reached XP level 1. HP: 22/22 MP: 1/1
   275 | D:1      | Reached XP level 2. HP: 31/31 MP: 2/2
   662 | D:1      | Reached XP level 3. HP: 37/37 MP: 3/3
   865 | D:2      | Reached skill level 1 in Maces & Flails
   935 | D:2      | Slain by a gnoll

Action                   || total
-------------------------++-------
Melee: Short sword       ||    14
       Whip              ||    10
       Mace              ||     1
Throw: Large rock        ||    26

Vault maps used:
D:1:      ncdulo_wetmaze, roderic_roman_lattice, hangedman_decor_slide_cut
D:2:      tso_oasis_becter, serial_glass, glass_columns_b, glass_columns_a,
          minmay_misc_feat_tiny, bh_walls_and_bars, uniq_robin
